[Event "Early-Titled-Tuesday-Blitz-January-23-2024"]
[Site "Chess.com"]
[Date "2024.01.23"]
[Round "7"]
[White "Iunusovnuriddin"]
[Black "mortngabriel"]
[Result "0-1"]
[WhiteElo "2292"]
[BlackElo "2528"]
[TimeControl "180+1"]
[EndTime "9:18:07 PST"]
[Termination "mortngabriel won on time"]

1. e4 c5 2. c3 Nf6 3. e5 Nd5 4. d4 cxd4 5. Qxd4 e6 6. Nf3 Nc6 7. Qe4 f5 8. Qe2 b5 9. g3 Qc7 10. Bg2 Be7 11. O-O O-O 12. Nbd2 a5 13. Nb3 Ba6 14.
Rd1 b4 15. c4 Nb6 16. Nbd2 Rad8 17. b3 g5 18. Bb2 g4 19. Nd4 Nxd4 20. Bxd4 Bb7 21.
Bxb7 Qxb7 22. Qe3 Nc8 23. f3 Kg7 24. Rf1 h5 25. fxg4 hxg4 26. Qf4 Kg6 27. Be3 Rh8 28.
Rad1 Na7 29. Qf2 Nc6 30. Bf4 Qc7 31. Kh1 Nxe5 32. Rfe1 Qc6+ 33. Qg2 Qxg2+ 34. Kxg2 Nd3 35. Re3 Nxf4+ 36. gxf4 Bd6 37. Rf1 Bc5 38. Rd3 Kf6 39. Re1 d6 40. Nf1 e5 41. fxe5+ dxe5 42. Ng3 Rxd3 0-1

[Event "Early-Titled-Tuesday-Blitz-January-23-2024"]
[Site "Chess.com"]
[Date "2024.01.23"]
[Round "7"]
[White "TheoSlade"]
[Black "viktorskliarov"]
[Result "0-1"]
[WhiteElo "2464"]
[BlackElo "2666"]
[TimeControl "180+1"]
[EndTime "9:18:08 PST"]
[Termination "viktorskliarov won by resignation"]

1. d4 Nf6 2. c4 e6 3. g3 c5 4.
d5 exd5 5. cxd5 d6 6. Nc3 g6 7. Bg2 Bg7 8. Nf3 O-O 9. O-O Re8 10. Bf4 Ne4 11. Nxe4 Rxe4 12. Nd2 Rxf4 13. gxf4 Bxb2 14. Rb1 Bg7 15. Nc4 b6 16. e3 Ba6 17. Qc2 b5 18. Nd2 Nd7 19. Rfe1 c4 20. a4 c3 21. Ne4 bxa4 22.
Qxa4 Bd3 23. Rbc1 Bxe4 24. Bxe4 Nc5 25. Qc2 Rb8 26. Rb1 Rb2 27. Rxb2 cxb2 28. Rb1 a5 29. Bf3 Qb6 30. e4 a4 31. Be2 a3 32. Bc4 Qb4 33. f3 h5 34. Kg2 Na4 35. e5 Nc3 36. e6 Qxc4 37. e7 Qc8 38. Re1 Qe8 39. f5 b1=Q 40.
Rxb1 Nxb1 41. Qxb1 Qxe7 42. fxg6 Qg5+ 43. Kh1 Qxg6 44.
Qb3 Bd4 45. Qd1 Qg1+ 46. Qxg1+ Bxg1 47. Kxg1 a2 0-1

[Event "Early-Titled-Tuesday-Blitz-January-23-2024"]
[Site "Chess.com"]
[Date "2024.01.23"]
[Round "7"]
[White "ReinisUz"]
[Black "Titus369"]
[Result "0-1"]
[WhiteElo "2452"]
[BlackElo "2657"]
[TimeControl "180+1"]
[EndTime "9:18:08 PST"]
[Termination "Titus369 won by resignation"]

1. c4 e6 2. Nc3 d5 3. d4 Nf6 4. cxd5 exd5 5. Bg5 c6 6. Qc2 Be7 7. e3 Nbd7 8. Bd3 Nf8 9. h3 Ne6 10. Bh4 g6 11. g4 h5 12. g5 Ne4 13. f4 Nxc3 14.
bxc3 Ng7 15. Nf3 Bf5 16. Ne5 Bxd3 17. Qxd3 Nf5 18. Bf2 Bd6 19. e4 dxe4 20. Qxe4 O-O 21. h4 Qa5 22. Qc2 c5 23. O-O cxd4 24. cxd4 Rac8 25.
Qb3 Rc3 26. Qxb7 Rh3 27. Qg2 Ra3 28. Nc4 Qa4 29. Nxa3 Qxa3 30. Rad1 Bxf4 31. d5 Qxa2 32. Ra1 Qc4 33. Rad1 a5 34. Qh3 Bd6 35. Rde1 a4 36.
Qg2 a3 37. Qe4 Qc7 38. Re2 Bg3 39. Be3 Bxh4 40. Bf2 Bxf2+ 41. Rexf2 Ng3 42. Qf3 Nxf1 43. Rxf1 a2 44. d6 Qxd6 45. Qb3 Qd4+ 46. Kh1 a1=Q 0-1

[Event "Early-Titled-Tuesday-Blitz-January-23-2024"]
[Site "Chess.com"]
[Date "2024.01.23"]
[Round "7"]
[White "samirliberec"]
[Black "Artyom_ChessMate"]
[Result "1-0"]
[WhiteElo "2374"]
[BlackElo "2520"]
[TimeControl "180+1"]
[EndTime "9:18:08 PST"]
[Termination "samirliberec won on time"]

1. e4 c5 2. Nf3 d6 3. Bb5+ Bd7 4. a4 a6 5. Bxd7+ Qxd7 6. O-O Nc6 7. c3 Nf6 8. Re1 d5 9. e5 Ng8 10. e6 fxe6 11. d4 cxd4 12. cxd4 Nf6 13. Nc3 g6 14.
Ng5 Nd8 15. Qe2 Rc8 16. Bf4 h6 17. Nxe6 Nxe6 18. Qxe6 Qxe6 19. Rxe6 Kf7 20. Rb6 g5 21. Be5 Nd7 22. Rxb7 Nxe5 23. dxe5 d4 24. Nd5 Ke6 25. Nb6 Rc2 26. b4 Bg7 27. Re1 Rd8 28. Kf1 d3 29.
Rd1 Bxe5 30. g3 h5 31. a5 h4 32. b5 Rf8 33. f4 gxf4 34. Nd7 fxg3+ 35. Nxf8+ Kf7 36.
hxg3 h3 37. Kg1 Bd4+ 38. Kh1 d2 39. Kh2 Be3 40. bxa6 Rc1 41. Rb1 Rc5 42. Nd7 Rf5 43. Kxh3 Rf2 44. Kg4 Kg6 45. Rb6+ Kf7 46. a7 1-0

[Event "Early-Titled-Tuesday-Blitz-January-23-2024"]
[Site "Chess.com"]
[Date "2024.01.23"]
[Round "7"]
[White "Janosik"]
[Black "Andrej2004"]
[Result "1-0"]
[WhiteElo "2845"]
[BlackElo "2631"]
[TimeControl "180+1"]
[EndTime "9:18:10 PST"]
[Termination "Janosik won by checkmate"]

1. d4 b6 2. e4 Bb7 3. Bd3 g6 4.
f4 Bg7 5. Nf3 e6 6. O-O f5 7. e5 Ne7 8. c4 O-O 9. Nc3 h6 10. Be3 d6 11. Qe2 Kh7 12. Rad1 Nd7 13. Bc1 dxe5 14. fxe5 g5 15. Bxg5 Qe8 16. Bc1 Rg8 17. d5 Nc5 18. Bc2 Rd8 19. b4 Na6 20. a3 Qh5 21. Ng5+ Kg6 22. Qxh5+ Kxh5 23. Nxe6 Bxe5 24.
Nxd8 Rxd8 25. Ne2 Kg6 26. g4 b5 27. gxf5+ Kf6 28. cxb5 Nb8 29. Ng3 Rg8 30. Bxh6 Bxd5 31. Bf4 Nd7 32. Rd2 Rg4 33. Bxe5+ Nxe5 34. Rdf2 Nc8 35.
Rf4 Rg5 36. Be4 Bc4 37. Rc1 Nd6 38. a4 Bb3 39. Bc2 Bd5 40. Rd1 Bb7 41. Rdf1 Ndc4 42. R1f2 Ne3 43. Be4 Bc8 44. Kh1 N5g4 45. Rd2 Rg8 46. Bf3 Ke5 47. Re4+ Kf6 48. Bxg4 Nxg4 49. Kg1 Bb7 50. Rc4 Re8 51. Re2 Rd8 52. Re6+ Kg5 53.
Rg6+ Kh4 54. Rgxg4+ Kh3 55. Rh4# 1-0

[Event "Early-Titled-Tuesday-Blitz-January-23-2024"]
[Site "Chess.com"]
[Date "2024.01.23"]
[Round "7"]
[White "LeoLV10"]
[Black "AsterPhoenix"]
[Result "0-1"]
[WhiteElo "2442"]
[BlackElo "2574"]
[TimeControl "180+1"]
[EndTime "9:18:10 PST"]
[Termination "AsterPhoenix won on time"]

1. e4 c5 2. Nf3 e6 3. d4 cxd4 4. Nxd4 Nf6 5. Nc3 Nc6 6. Nxc6 bxc6 7. e5 Nd5 8. Ne4 Qa5+ 9. Bd2 Qc7 10. f4 c5 11. c4 Nb4 12. a3 Nc6 13. Bd3 Bb7 14. O-O Be7 15. Bc3 Nd4 16. Rc1 h5 17. Qe1 h4 18. h3 Nf5 19. Qf2 Rb8 20. Rfd1 g6 21.
Nd6+ Kf8 22. Nxb7 Qxb7 23. Be2 Kg7 24. Bf3 Qc7 25. Qd2 Nd4 26. Be4 Nb3 27. Qf2 Nxc1 28.
Rxc1 Kf8 29. Rd1 Rd8 30. Qe1 Rh6 31. Ba5 Qc8 32. Bxd8 Qxd8 33. Bc6 Qb6 34. Bxd7 Qxb2 35.
a4 Rh5 36. Bc6 Rf5 37. Qe3 g5 38. fxg5 Bxg5 39. Qd3 Qf2+ 40. Kh1 Kg7 41. Bf3 Rxe5 42. Rf1 Qd4 43. Qc2 Re3 44. Bh5 f5 45. Bf3 Rc3 46.
Qb1 Qxc4 47. Qb7+ Kf6 48. Re1 Rc1 49. Qb2+ Qd4 50. Qe2 Rxe1+ 51. Qxe1 c4 52. Qa5 Qa1+ 0-1

[Event "Early-Titled-Tuesday-Blitz-January-23-2024"]
[Site "Chess.com"]
[Date "2024.01.23"]
[Round "7"]
[White "Yurasova_Daria"]
[Black "DarkAlekhine"]
[Result "1-0"]
[WhiteElo "2487"]
[BlackElo "2700"]
[TimeControl "180+1"]
[EndTime "9:18:13 PST"]
[Termination "Yurasova_Daria won by resignation"]

1. d4 Nf6 2. Bg5 d5 3. Bxf6 exf6 4. e3 Bd6 5. g3 O-O 6. Nd2 c6 7. Bg2 Nd7 8. Ne2 f5 9. O-O Nf6 10. c4 dxc4 11. Nxc4 Bc7 12. b4 Be6 13. Qc2 g6 14. Rab1 a6 15. a4 Bd5 16. Nb2 Re8 17. Nd3 Bxg2 18. Kxg2 Ng4 19. h3 Qd5+ 20. Kg1 Nxe3 21. fxe3 Rxe3 22. Ndf4 Qd7 23. Rb3 Re4 24. Rd3 Rae8 25. Qd2 h6 26. Nc3 R4e7 27. d5 Bb6+ 28. Kh1 Be3 29. Qg2 Bxf4 30. Rxf4 Re1+ 31. Kh2 Qd6 32.
Rd2 c5 33. bxc5 Qxc5 34. Rf3 Rc1 35. Ne2 Ra1 36. d6 Qb4 37. Nf4 Rd8 38. d7 Qxa4 39.
Rfd3 Kg7 40. Qxb7 Rc1 41. Qb2+ Kh7 42. Qxc1 Qe4 43. Qh1 Qe5 44. Qd5 Qf6 45. Qd6 Kg7 46. Qxf6+ Kxf6 47. Nd5+ Ke5 48. Nb6 Kf6 49. Rd6+ Kg7 50.
Rc6 a5 51. Rc8 Rxd7 52. Rxd7 1-0

[Event "Early-Titled-Tuesday-Blitz-January-23-2024"]
[Site "Chess.com"]
[Date "2024.01.23"]
[Round "7"]
[White "Matols"]
[Black "Kamilek84"]
[Result "0-1"]
[WhiteElo "2372"]
[BlackElo "2687"]
[TimeControl "180+1"]
[EndTime "9:18:13 PST"]
[Termination "Kamilek84 won on time"]

1. d4 e6 2. c4 Bb4+ 3. Bd2 Bxd2+ 4. Qxd2 Nf6 5. Nc3 d5 6. e3 O-O 7. Nf3 a6 8. cxd5 exd5 9. Bd3 Be6 10. O-O Nbd7 11.
Rfc1 Qe7 12. h3 a5 13. Nb5 c6 14. Nc7 Ra7 15. Nxe6 fxe6 16. Ne5 Nxe5 17. dxe5 Nd7 18. f4 Raa8 19. Qc2 h6 20. Qe2 Qh4 21. Bb1 Rfd8 22. Qd3 Nf8 23. Rf1 c5 24. Bc2 c4 25. Qd4 Rac8 26. Qb6 Qe7 27. Qxa5 Rc5 28. Qd2 Qc7 29.
Rac1 b5 30. Bb1 Qb6 31. Kh1 Rcc8 32. Rf3 d4 33. exd4 Rxd4 34. Qc2 Rcd8 35. f5 Rd2 36.
Qe4 Rd1+ 37. Rf1 Rxc1 38. Rxc1 Qf2 39. fxe6 Re8 40. Qd5 Re7 41. Rd1 Qxb2 42. Bf5 Qa3 43. Qd8 Qa7 44. Rd7 Qf2 0-1

[Event "Early-Titled-Tuesday-Blitz-January-23-2024"]
[Site "Chess.com"]
[Date "2024.01.23"]
[Round "7"]
[White "FMVolodymyrSakun"]
[Black "simonachess"]
[Result "0-1"]
[WhiteElo "2525"]
[BlackElo "2355"]
[TimeControl "180+1"]
[EndTime "9:18:13 PST"]
[Termination "simonachess won by checkmate"]

1. e4 c5 2. Nf3 Nc6 3. c3 d5 4. e5 Bg4 5. Bb5 e6 6. O-O Qc7 7. d4 a6 8. Bxc6+ bxc6 9. dxc5 Bxc5 10. Nbd2 Ne7 11. h3 Bh5 12. Qa4 O-O 13. Qh4 Bg6 14. Re1 h6 15. Qf4 f5 16. Nb3 Bb6 17. Nbd4 Qd7 18.
b4 c5 19. bxc5 Bxc5 20. g4 fxg4 21. Qxg4 Bf5 22. Qg3 Kh7 23. Kh2 Ng6 24. Rg1 Be4 25. Nd2 Qf7 26. f3 Bf5 27. N2b3 Bb6 28. Be3 Rac8 29. Bd2 a5 30. a4 Bd8 31. Qe1 Nxe5 32. Qxe5 Bc7 33. Bf4 Bxe5 34. Bxe5 g5 35. f4 Rxc3 36.
Nxf5 Qxf5 37. Bxc3 Qxf4+ 38. Rg3 Qf2+ 39. Rg2 Qb6 40. Nd4 Qc5 41. Rc1 Qd6+ 42. Kh1 e5 43. Nb5 Qb6 44. Bxe5 Kg6 45. Rgc2 Kh5 46. Nd4 Qg6 47. Re1 Rf5 48. Nxf5 Qxf5 49. Rc3 d4 50. Rc5 d3 51. Rd5 Qf3+ 52. Kg1 Qxd5 53. Bc3 Qc5+ 54. Kf1 Qxc3 55. Rd1 Qc2 56. Ke1 Qe2# 0-1

[Event "Early-Titled-Tuesday-Blitz-January-23-2024"]
[Site "Chess.com"]
[Date "2024.01.23"]
[Round "7"]
[White "Shuvalov"]
[Black "DrCeltic"]
[Result "1-0"]
[WhiteElo "2478"]
[BlackElo "2599"]
[TimeControl "180+1"]
[EndTime "9:18:14 PST"]
[Termination "Shuvalov won on time"]

1. d4 d5 2. c4 c6 3. Nc3 Nf6 4. e3 Bf5 5. cxd5 cxd5 6. Qb3 Bc8 7. Nf3 e6 8. Bd3 Bd6 9. Bd2 O-O 10. O-O b6 11. Rfc1 Nbd7 12. Nb5 Bb8 13. Qc2 Ba6 14. a4 h6 15. Bb4 Re8 16. h3 e5 17. dxe5 Nxe5 18. Nxe5 Bxe5 19. Bc3 Bxc3 20. Qxc3 Ne4 21. Qd4 Bxb5 22. Bxb5 Re6 23. Bc6 Rc8 24. Bxd5 Rxc1+ 25.
Rxc1 Rd6 26. Qxe4 Rxd5 27. g3 g6 28. Kg2 h5 29. Rc8 Qxc8 30. Qxd5 Qc2 31. Qd4 Qb3 32.
h4 Qe6 33. Kh2 Qf5 34. e4 Qf3 35. b4 Qb3 36. b5 Qc2 37. e5 Qa2 38. Kg2 Kh7 39.
Qf4 Qd5+ 40. Qf3 Qa2 41. Qe4 Qe6 42. Qd4 Qb3 43. Qd7 Kg8 44. Qxa7 Qd5+ 45. Kh2 Qd4 46. Qa8+ Kg7 47. Qf3 Qxe5 48. Qe3 Qd6 49. Kg2 Kh7 50. Qe4 Qa3 51. Qd4 1-0

[Event "Early-Titled-Tuesday-Blitz-January-23-2024"]
[Site "Chess.com"]
[Date "2024.01.23"]
[Round "7"]
[White "Mops_2004"]
[Black "Fandorine"]
[Result "1/2-1/2"]
[WhiteElo "2858"]
[BlackElo "2977"]
[TimeControl "180+1"]
[EndTime "9:18:15 PST"]
[Termination "Game drawn by repetition"]

1. Nf3 Nf6 2. c4 g6 3. g3 Bg7 4. Bg2 O-O 5. O-O c5 6. Nc3 Nc6 7. d4 d6 8. dxc5 dxc5 9. Bf4 Bf5 10. Ne5 Nd4 11. Bxb7 Rb8 12. Bg2 Rxb2 13. e3 Ne6 14. Nc6 Qe8 15. Be5 h5 16. Nb5 Ne4 17. Bxg7 Kxg7 18. Qc1 Rd2 19. Bxe4 Bxe4 20. Qxd2 Qxc6 21. f4 h4 22. g4 h3 23. Nc3 Bg2 24. Rfe1 Rd8 25.
Nd5 Bxd5 26. cxd5 Rxd5 27. Qb2+ f6 28. Qf2 c4 29. Rac1 Rd3 30. Red1 Qe4 31. Re1 Nc5 32. g5 f5 33. Rb1 Kf7 34. Rb5 Qc6 35. Rb2 c3 36. Rc2 Qe4 37. Rec1 Rxe3 38. Rf1 Nd3 39. Qh4 Re2 40. Qh7+ Ke8 41. Qg8+ Kd7 42. Rxe2 Qxe2 43. Qd5+ Kc7 44. Qc4+ Kd6 45. Qd4+ Kc7 46. Qc4+ Kd7 47. Qd5+ Kc8 48. Qg8+ Kc7 49. Qc4+ 1/2-1/2

[Event "Early-Titled-Tuesday-Blitz-January-23-2024"]
[Site "Chess.com"]
[Date "2024.01.23"]
[Round "7"]
[White "OparinGrigoriy"]
[Black "Sam_ChessMood"]
[Result "0-1"]
[WhiteElo "3019"]
[BlackElo "2927"]
[TimeControl "180+1"]
[EndTime "9:18:16 PST"]
[Termination "Sam_ChessMood won on time"]

1. c4 e5 2. Nc3 Nf6 3. e3 Bb4 4. Qb3 a5 5. Nf3 d6 6. Be2 O-O 7. O-O Bxc3 8. Qxc3 c5 9. d4 e4 10. Nd2 Nc6 11. f3 Bf5 12. d5 Ne5 13. f4 Nd3 14. h3 h5 15. b3 a4 16. Ba3 b5 17. Bxd3 exd3 18. b4 cxb4 19. Bxb4 bxc4 20. Qxc4 Re8 21. Qd4 Ne4 22. Kh2 Rc8 23. Rf3 Nxd2 24. Bxd2 Rc2 25.
Rg3 f6 26. Rd1 h4 27. Rf3 Rxa2 28. Qc4 Rc2 29. Qxa4 Be4 30. Rf2 Qa8 31. Qb4 Qxd5 32. f5 Qe5+ 33. Kg1 d5 34. Ra1 Rb8 35. Qd4 Qxd4 36. exd4 Rbb2 37. Rd1 Kf7 38. Kh2 Bxf5 39. Rxf5 Rxd2 40. Rxd2 Rxd2 41. Rf3 g5 42. Re3 Kg6 43. Rf3 f5 44. Re3 f4 45. Re6+ Kh7 46. Ra6 f3 47. Rf6 f2 48. Rf3 Re2 49. Rf5 d2 50. g4 f1=Q+ 0-1

[Event "Early-Titled-Tuesday-Blitz-January-23-2024"]
[Site "Chess.com"]
[Date "2024.01.23"]
[Round "7"]
[White "Huragan007"]
[Black "Piotrek1979"]
[Result "1-0"]
[WhiteElo "2551"]
[BlackElo "2409"]
[TimeControl "180+1"]
[EndTime "9:18:17 PST"]
[Termination "Huragan007 won by resignation"]

1. e4 c5 2. b3 Nc6 3. Bb2 Nf6 4. Nc3 d6 5. Bb5 Bd7 6. f4 e6 7. Nf3 Be7 8. Qe2 O-O 9. O-O-O Nd4 10. Nxd4 cxd4 11.
Nb1 e5 12. f5 Bxb5 13. Qxb5 Nxe4 14. Rde1 Nc5 15. g4 a6 16. Qe2 Rc8 17. Kd1 d3 18.
cxd3 Bh4 19. Ref1 Qb6 20. Nc3 Nxb3 21. axb3 Qxb3+ 22. Kc1 b5 23. Qd1 Qa2 24. Qc2 Qa5 25. Kb1 b4 26. Qa4 Qxa4 27. Nxa4 f6 28. Rc1 d5 29.
Nb6 Rcd8 30. Rc7 d4 31. Rhc1 Rf7 32. Rxf7 Kxf7 33. Rc7+ Kg8 34. Ra7 h5 35. gxh5 Kh7 36. Rxa6 Kh6 37. Nc4 Kxh5 38. Rb6 Kg4 39. Rxb4 Kxf5 40.
Rb7 g5 41. Rh7 Kg4 42. Ba3 Rd5 43. Be7 f5 44. h3+ Kf3 45. Rh5 f4 46. Bxg5 Bg3 47. Bf6 Ke2 48. Rxe5+ Rxe5 49. Nxe5 f3 50. Nxf3 Kxf3 51.
Bxd4 Ke2 52. Kc2 Bh4 53. Be3 Be1 54. d4 Bg3 55. d5 Bd6 56. h4 Be5 57. h5 Kf3 58.
Kd3 1-0

[Event "Early-Titled-Tuesday-Blitz-January-23-2024"]
[Site "Chess.com"]
[Date "2024.01.23"]
[Round "7"]
[White "sterpfi"]
[Black "RCone"]
[Result "1-0"]
[WhiteElo "2242"]
[BlackElo "2416"]
[TimeControl "180+1"]
[EndTime "9:18:17 PST"]
[Termination "sterpfi won by checkmate"]

1. e4 d6 2. d4 Nf6 3. Nc3 g6 4. Be3 c6 5. f4 Bg7 6. h3 O-O 7. Nf3 Nh5 8. g4 Ng3 9. Rg1 Nxf1 10. Rxf1 b5 11. Qd2 b4 12. Ne2 a5 13. f5 c5 14.
Bh6 cxd4 15. Nexd4 Bb7 16. Bxg7 Kxg7 17. Ng5 Qb6 18.
O-O-O Nc6 19. Nde6+ fxe6 20. Nxe6+ Kf7 21. Qd5 Ne5 22.
Nd8+ Ke8 23. Nxb7 Rb8 24. Nxd6+ exd6 25. Qe6+ Kd8 26. Rxd6+ Kc7 27. Rxb6 Rxb6 28. Qxe5+ Kb7 29. Rd1 Rc8 30. Rd7+ Ka6 31. Qe7 Rbc6 32. Ra7+ Kb5 33. Qb7+ Kc5 34. Rxa5+ Kd4 35. Qd7+ Kxe4 36. Qe7+ Kf4 37. Qe2 gxf5 38. Rxf5+ Kg3 39. Rf3+ Kh4 40. Qf2+ Kg5 41. Rf5+ Kg6 42. Qe2 h6 43. h4 R8c7 44. h5+ Kg7 45. Qe5+ Kg8 46. Qe8+ Kg7 47. Qe5+ Kg8 48.
Rf2 Rc5 49. Qe6+ Kg7 50. Qg6+ Kh8 51. Rf8# 1-0

[Event "Early-Titled-Tuesday-Blitz-January-23-2024"]
[Site "Chess.com"]
[Date "2024.01.23"]
[Round "7"]
[White "Baronessa08"]
[Black "KVAIDAN"]
[Result "1-0"]
[WhiteElo "2540"]
[BlackElo "2365"]
[TimeControl "180+1"]
[EndTime "9:18:18 PST"]
[Termination "Baronessa08 won by resignation"]

1. d4 e6 2. c4 f5 3. Nf3 Nf6 4. g3 Be7 5. Bg2 d6 6. O-O O-O 7. b4 a5 8. b5 Qe8 9. Bb2 Qh5 10. e3 Qh6 11. Nfd2 Nbd7 12. e4 f4 13. e5 Ne8 14.
Ne4 dxe5 15. dxe5 Nc5 16. Nxc5 Bxc5 17. Nd2 fxg3 18. hxg3 c6 19. Ne4 Be7 20. Nd6 cxb5 21. cxb5 Nc7 22. Nxc8 Raxc8 23. Bxb7 Rcd8 24. Qg4 Nxb5 25. a4 Nc7 26. Bg2 Nd5 27. Rad1 Bc5 28. Bxd5 Rxd5 29.
Rxd5 exd5 30. e6 Re8 31. Rc1 Bf8 32. Rc7 Rxe6 33. Kg2 Qg6 34. Qxg6 Rxg6 35. Ra7 Rb6 36. Be5 Re6 37. f4 g5 38. Rxa5 h5 39. Rxd5 h4 40. a5 hxg3 41. fxg5 Kf7 42. Kxg3 Kg6 43. Kg4 Bb4 44.
Rb5 Bd2 45. Rb6 Kf7 46. Rxe6 Kxe6 47. a6 Be3 48. Bf4 Ba7 49. Kh5 Kf7 50. g6+ Kg7 51. Be5+ Kg8 52. Kg5 Be3+ 53. Kf5 Ba7 54. Ke6 Kf8 55.
Kd7 Kg8 56. Kc6 Kf8 57. Kb7 1-0

[Event "Early-Titled-Tuesday-Blitz-January-23-2024"]
[Site "Chess.com"]
[Date "2024.01.23"]
[Round "7"]
[White "dmosesov"]
[Black "toninhojit"]
[Result "0-1"]
[WhiteElo "2600"]
[BlackElo "2454"]
[TimeControl "180+1"]
[EndTime "9:18:18 PST"]
[Termination "toninhojit won on time"]

1. Nf3 c5 2. e4 d6 3. Nc3 Nf6 4. Bb5+ Bd7 5. Qe2 a6 6. Bxd7+ Qxd7 7. d4 cxd4 8. Nxd4 g6 9. Bg5 Bg7 10. O-O-O Nc6 11. Nxc6 Qxc6 12. f4 Rc8 13. Nd5 Qc4 14. Qxc4 Rxc4 15. Bxf6 Bxf6 16. Nxf6+ exf6 17. Rhe1 Ke7 18.
b3 Rc5 19. Rd5 Rxd5 20. exd5+ Kd7 21. Kd2 Rc8 22. c4 b5 23. Kc3 bxc4 24. bxc4 Rb8 25.
Re2 Rb7 26. Kd4 Rb1 27. Re3 Rb2 28. Ra3 Rxg2 29. Rxa6 Rxh2 30. Ra7+ Ke8 31. a4 h5 32. a5 h4 33. a6 Ra2 34. c5 Ra4+ 35. Kc3 dxc5 36.
d6 h3 37. Re7+ Kf8 38. Re2 Rxa6 39. d7 Ra8 40. Rh2 Rd8 41. Rxh3 Rxd7 42. Re3 Rd4 43.
Rf3 Ke7 44. Rf2 Ke6 45. f5+ gxf5 46. Re2+ Kd6 47. Ra2 f4 48. Ra6+ Ke5 49. Rc6 Kd5 0-1

[Event "Early-Titled-Tuesday-Blitz-January-23-2024"]
[Site "Chess.com"]
[Date "2024.01.23"]
[Round "7"]
[White "DavidGavrilescu18"]
[Black "Zgorl"]
[Result "0-1"]
[WhiteElo "2793"]
[BlackElo "2522"]
[TimeControl "180+1"]
[EndTime "9:18:19 PST"]
[Termination "Zgorl won by checkmate"]

1. Nc3 Nf6 2. Nf3 Nc6 3. e3 g6 4. Rb1 Bg7 5. b4 a6 6. a4 O-O 7. b5 axb5 8. axb5 Nb8 9. Be2 c5 10. O-O d5 11. Bb2 d4 12. exd4 cxd4 13. Nxd4 Qxd4 14.
Bf3 Qd8 15. d4 Nbd7 16. Re1 Nb6 17. Qe2 e6 18. Rbd1 Qc7 19. h4 Bd7 20. h5 Rfc8 21. Rd3 Nbd5 22. Qd2 Nxc3 23. Rxc3 Qb6 24. h6 Bh8 25.
Rxc8+ Rxc8 26. d5 Qxb5 27. c4 Qc5 28. Bd4 Qxc4 29. dxe6 Bxe6 30. Ba1 b5 31. Qg5 Ne8 32. Bxh8 Kxh8 33. Qe5+ Kg8 34. Bb7 Rd8 35. Ba6 Qd5 36.
Qb2 Rb8 37. Re5 Qd1+ 38. Kh2 Qd6 39. f4 Qxa6 40. f5 Qd6 41. g3 gxf5 42. Re2 Qf8 43. Qc1 b4 44. Qg5+ Kh8 45. Qf4 Nf6 46. Qe5 Qxh6+ 47. Kg2 Rg8 48. Rf2 Qg7 49. Rf3 Ne4 50.
Qf4 b3 51. Rxb3 Bxb3 52. Qxf5 Qxg3+ 53. Kf1 Bc4# 0-1

[Event "Early-Titled-Tuesday-Blitz-January-23-2024"]
[Site "Chess.com"]
[Date "2024.01.23"]
[Round "7"]
[White "KetiTsatsalashvili"]
[Black "jhedigm"]
[Result "1-0"]
[WhiteElo "2435"]
[BlackElo "2548"]
[TimeControl "180+1"]
[EndTime "9:18:19 PST"]
[Termination "KetiTsatsalashvili won on time"]

1. d4 Nf6 2. Nf3 e6 3. e3 b6 4. Bd3 Bb7 5. Nbd2 c5 6. b3 Be7 7. Bb2 O-O 8. O-O Nc6 9. a3 d5 10. Ne5 Rc8 11. Qe2 Bd6 12. f4 Ne7 13. g4 Qc7 14. a4 Ne4 15. Nxe4 dxe4 16. Ba6 Bxa6 17. Qxa6 cxd4 18. Bxd4 Nd5 19. Rac1 Nb4 20. Qe2 Bxe5 21. Bxe5 Qc6 22. Rfd1 Rfd8 23. Rxd8+ Rxd8 24. Rd1 Rxd1+ 25. Qxd1 f6 26. Qd8+ Kf7 27. Bd6 Nxc2 28. f5 exf5 29. gxf5 Qe8 30. Qc7+ Kg8 31. Qxc2 g6 32. fxg6 hxg6 33.
Qc4+ Kh7 34. Qc7+ Kh6 35. Bf4+ g5 36. Bg3 Qe6 37. Qc2 a5 38. Qb2 Kg6 39. Qc3 Qd5 40. Qc2 f5 41. Qc3 Kh5 42. Qh8+ Kg4 43. Qa1 Qd2 44.
Qf1 Qxe3+ 45. Bf2 Qxb3 46. Qg2+ Kh5 47. Qf1 f4 48. Qe2+ f3 49. Qxe4 Qd1+ 50. Be1 g4 51. Kf2 1-0

[Event "Early-Titled-Tuesday-Blitz-January-23-2024"]
[Site "Chess.com"]
[Date "2024.01.23"]
[Round "7"]
[White "BilodeauA"]
[Black "Bigfish1995"]
[Result "0-1"]
[WhiteElo "2931"]
[BlackElo "3122"]
[TimeControl "180+1"]
[EndTime "9:18:21 PST"]
[Termination "Bigfish1995 won on time"]

1. e4 c6 2. d4 d5 3. f3 e6 4. Nc3 Bb4 5. Bd2 Ne7 6. h4 Nd7 7. Nce2 Ba5 8. e5 Nf5 9. Bxa5 Qxa5+ 10. Qd2 Qxd2+ 11. Kxd2 c5 12. c3 h5 13. g3 b5 14.
Bh3 Ne7 15. f4 a5 16. Nf3 b4 17. Rhc1 Ba6 18. cxb4 axb4 19. dxc5 Bxe2 20. Kxe2 Nc6 21. Ke3 Ke7 22. Nd2 Rhc8 23. Bf1 Na5 24. a3 b3 25. c6 Nb6 26. Bb5 f6 27. a4 fxe5 28. fxe5 Rf8 29. Kd4 Rf2 30. Rd1 Kd8 31. Kc3 Kc7 32.
Nxb3 Rf3+ 33. Rd3 Rxd3+ 34. Bxd3 Nxc6 35. a5 Nd7 36. Bb5 Ndxe5 37. a6 Kd6 38. Bxc6 Nxc6 39. Nd2 Kc5 40. b4+ Kb6 41. Nb3 e5 42. Nc5 Kb5 43. Nd7 Rxa6 44. Rxa6 Kxa6 45. Nc5+ Kb5 46. Ne6 d4+ 47.
Kd3 Nxb4+ 48. Ke4 Kc4 49. Nxg7 d3 50. Nf5 Nd5 51. g4 d2 52. Nd6+ Kc5 53. Nb7+ Kb6 0-1

[Event "Early-Titled-Tuesday-Blitz-January-23-2024"]
[Site "Chess.com"]
[Date "2024.01.23"]
[Round "7"]
[White "FairChess_on_YouTube"]
[Black "Vazabanga"]
[Result "1-0"]
[WhiteElo "3092"]
[BlackElo "2677"]
[TimeControl "180+1"]
[EndTime "9:18:22 PST"]
[Termination "FairChess_on_YouTube won by resignation"]

1. e4 c5 2. Na3 Nc6 3. Bb5 g6 4. Nf3 Bg7 5. O-O Nf6 6. Re1 O-O 7. d3 d6 8. h3 Nd7 9. c3 a6 10. Bxc6 bxc6 11. Be3 Ne5 12. Nxe5 Bxe5 13. Qd2 Bd7 14.
Nc4 Bg7 15. Bh6 Be6 16. Bxg7 Kxg7 17. Ne3 Rb8 18. d4 Qb6 19. d5 Bd7 20. b3 Qc7 21. Rad1 Rfd8 22. c4 a5 23. dxc6 Bxc6 24. Nd5 Bxd5 25.
exd5 a4 26. Re3 axb3 27. axb3 Re8 28. h4 Qd7 29. h5 Qf5 30. h6+ Kg8 31. Rf3 Qh5 32. Re1 Rb7 33. Qf4 Rf8 34. Qe3 Qg4 35.
g3 Qd7 36. Qc3 f6 37. Re6 Rf7 38. Kg2 Qc8 39. Qe3 Qf8 40. Qe1 Qb8 41. Rfe3 Qf8 42. Qh1 Qb8 43. Qh3 Qf8 44. R6e4 f5 45. Re6 Qb8 46.
Qh4 Qf8 47. Qg5 Qd8 48. Rxg6+ hxg6 49. Qxg6+ Kf8 50. h7 Rxh7 51. Qxh7 Qd7 52. Re6 Rxb3 53. Rg6 1-0

[Event "Early-Titled-Tuesday-Blitz-January-23-2024"]
[Site "Chess.com"]
[Date "2024.01.23"]
[Round "7"]
[White "LuminaryHunter"]
[Black "Chernov_Mikhail"]
[Result "0-1"]
[WhiteElo "2166"]
[BlackElo "2345"]
[TimeControl "180+1"]
[EndTime "9:18:23 PST"]
[Termination "Chernov_Mikhail won on time"]

1. e4 d5 2. exd5 Nf6 3. d4 Nxd5 4. h3 c5 5. Bb5+ Nc6 6. Nf3 e6 7. Ne5 Qa5+ 8. Nc3 Nxc3 9. Bxc6+ bxc6 10. bxc3 Qxc3+ 11. Bd2 Qxd4 12. Nf3 Qe4+ 13. Be3 Ba6 14. Ng5 Qd5 15.
Qh5 g6 16. Qg4 h5 17. Qa4 Bg7 18. Rd1 Qxg2 19. Qxa6 O-O 20. Ke2 Rad8 21. Rhg1 Qh2 22. Qxc6 Bd4 23. Nf3 Qxh3 24. Nxd4 cxd4 25. Rxd4 Rxd4 26.
Bxd4 Qf5 27. Qc3 e5 28. Be3 Rc8 29. Qb3 Qxc2+ 30. Qxc2 Rxc2+ 31. Kd3 Rxa2 32. Rb1 Ra4 33. Rb8+ Kg7 34. Rb7 a6 35. Bg5 e4+ 36. Ke3 a5 37.
Ra7 Rb4 38. Rxa5 Rc4 39. Ra6 Rb4 40. Bf6+ Kh7 41. Ra8 g5 42. Bxg5 Kg6 43. Bf4 h4 44. Rh8 f5 45. Rxh4 Rb3+ 46. Ke2 Rb4 47. Rh6+ Kf7 0-1

[Event "Early-Titled-Tuesday-Blitz-January-23-2024"]
[Site "Chess.com"]
[Date "2024.01.23"]
[Round "7"]
[White "FM_VS99"]
[Black "grzechu96"]
[Result "1-0"]
[WhiteElo "2546"]
[BlackElo "2683"]
[TimeControl "180+1"]
[EndTime "9:18:24 PST"]
[Termination "FM_VS99 won by resignation"]

1. d4 d5 2. Nf3 Nf6 3. c4 c6 4. cxd5 cxd5 5. Nc3 Nc6 6. Bf4 a6 7. Rc1 Bf5 8. e3 e6 9. Qb3 Bb4 10. a3 Bxc3+ 11. Rxc3 O-O 12. Qxb7 Na5 13. Qb4 Ne4 14. Bc7 Qd7 15. Ne5 Qe8 16. Bxa5 Nxc3 17. Qxc3 Rc8 18.
Qd2 Rc2 19. Qd1 Rxb2 20. Bd3 Bxd3 21. Nxd3 Ra2 22. Bb4 Qb5 23. Bxf8 Kxf8 24. O-O Rxa3 25. Nc5 g6 26. Qb1 Qxb1 27. Rxb1 a5 28. g4 Kg7 29. g5 h6 30. h4 hxg5 31. hxg5 Rc3 32. Rb7 Kf8 33. Ra7 e5 34. Rxa5 exd4 35. exd4 Rc4 36.
Ra4 Rc2 37. Kg2 Rd2 38. Nd7+ Ke7 39. Ne5 Ke6 40. Nf3 Rd1 41. Ra6+ Ke7 42. Rf6 Ke8 43. Rf4 Ke7 44. Ne5 Ke6 45. Rf6+ Ke7 46. Rxf7+ Ke8 47. Rf4 Ke7 48. Nxg6+ Ke6 49. Ne5 Rd2 50. g6 Rd1 51.
g7 1-0